 Dungeon Sprint DCSS version 0.17-b1-22-g5359643 (webtiles) character file.

54 Burgietje the Fighter (level 8, 0/90 HPs)
             Began as a Minotaur Fighter on Nov 5, 2015.
             Was a High Priest of Makhleb.
             Engulfed by a steam dragon's steam (3 damage)
             ... in the Dungeon (Sprint VI: "Thunderdome").
             The game lasted 00:03:12 (401 turns).

Burgietje the Fighter (Minotaur Fighter)             Turns: 401, Time: 00:03:12

Health: 0/90       AC:  6    Str: 20    XL:     8   Next: 3%
Magic:  7/7        EV:  7    Int:  5    God:    Makhleb [*****.]
Gold:   40         SH:  9    Dex: 13    Spells: 0 memorised, 7 levels left

rFire  . . .     SeeInvis .     a - +0 flail
rCold  . . .     Clarity  .     b - +0 scale mail
rNeg   . . .     SustAt   .     c - +0 shield
rPois  .         Gourm    .     (helmet restricted)
rElec  .         Spirit   .     (no cloak)
rCorr  .         Warding  .     (no gloves)
rMut   .         NoTele   +     (no boots)
MR     .....                    (no amulet)
Stlth  ..........               (no ring)
                                (no ring)

@: not resistant to hostile enchantments, extremely unstealthy
A: retaliatory headbutt, horns 2
a: Minor Destruction, Lesser Servant of Makhleb, Major Destruction, Greater
Servant of Makhleb, Renounce Religion


You were in the Dungeon.
You worshipped Makhleb.
Makhleb was extremely pleased with you.
You were not hungry.

You visited 1 branch You collected 280 gold pieces.
You spent 240 gold pieces at shops.

Inventory:

Hand Weapons
 a - a +0 flail (weapon)
Armour
 b - a +0 scale mail (worn)
 c - a +0 shield (worn)
Jewellery
 r - the cursed ring of the Rose {*Drain rPois rF+ Str+4 Dex-2}
   (You bought it in a shop in the Dungeon)

   [ring of dexterity]

   It affects your strength (+4).
   It affects your dexterity (-2).
   It protects you from fire.
   It protects you from poison.
   It causes draining when unequipped.
   It has a curse placed upon it.
 s - the amulet of Perfectionism {Stasis Stlth+}
   (You bought it in a shop in the Dungeon)

   [amulet of stasis]

   It prevents you from being teleported, slowed, hasted or paralysed.
   It makes you more stealthy.
Wands
 m - a wand of cold (5)
 n - a wand of fire (5)
 p - a wand of polymorph (12)
Scrolls
 k - 4 scrolls of blinking
 o - 3 scrolls of fog
 q - a scroll of identify
Potions
 d - a potion of might
 f - a potion of curing
 g - 2 potions of heal wounds
 h - 4 potions of haste
 i - 2 potions of magic
 j - a potion of berserk rage
 l - a potion of resistance
Comestibles
 e - a bread ration


   Skills:
 + Level 14.6 Fighting
 + Level 14.2 Maces & Flails
 - Level 3.6 Armour
 - Level 3.6 Shields


You had 7 spell levels left.
You didn't know any spells.

Dungeon Overview and Level Annotations

Branches:
Dungeon (1/1)

Altars:
Cheibriados
Dithmenos
Fedhas
Gozag
Kikubaaqudgha
Makhleb
Okawaru
Qazlal
Ru
Sif Muna
Trog
Vehumet
Xom
Yredelemnul
Zin
The Shining One
Jiyva
Lugonu

Shops:
D *[%??*?*:[((!!!!

Annotations:
D exclusion: lightning spire


Innate Abilities, Weirdness & Mutations

You reflexively headbutt those who attack you in melee.
You have a pair of horns on your head.


Message History

You hit the steam dragon but do no damage.
Your headbutt misses the steam dragon. You completely miss the steam dragon.
Your headbutt misses the steam dragon. You block the steam dragon's attack.
The steam dragon claws you but does no damage.
You closely miss the steam dragon. The steam dragon breathes steam at you.
The ball of steam hits you!
* * * LOW HITPOINT WARNING * * *
You sock the steam dragon!
The steam dragon is heavily wounded.
You are engulfed in a cloud of scalding steam.
* * * LOW HITPOINT WARNING * * *
The steam dragon barely misses you.
The steam dragon claws you but does no damage.
You closely miss the steam dragon.
You headbutt the steam dragon, but do no damage.
The steam dragon is heavily wounded.
You are engulfed in a cloud of scalding steam.
You die...

#......)._# #_.....)._#
###....†....### #⌠...)(......⌠#
######.8(...((...8.######
##∩.__....†.###.()..._._∩##
###∩........8.# #.8........∩###
##........(....###.............#
#⌠.......)))###@D.###..........⌠
#⌠..........# #.<.# #..........⌠
#⌠..........###...###..........⌠
##.............###.............#
###∩........8.# #.8........∩###
##∩___......###........_∩##
######.8......)..8.######
#⌠...........⌠# ###.........###


You could see a steam dragon.

Vanquished Creatures
  Pikel (D)
  A steam dragon (D)
  3 sky beasts (D)
  2 big kobolds (D)
  Ijyb (D)
  A hobgoblin (D)
  4 kobolds (D)
  2 goblins (D)
15 creatures vanquished.

Notes
Turn   | Place    | Note
--------------------------------------------------------------
     0 | D        | Burgietje the Minotaur Fighter began the quest for the Orb.
     0 | D        | Reached XP level 1. HP: 19/19 MP: 0/0
     4 | D        | Found a burning altar of Makhleb.
     4 | D        | Found a viscous altar of Jiyva.
     5 | D        | Found a shadowy altar of Dithmenos.
     5 | D        | Round 1.
     6 | D        | Found a corrupted altar of Lugonu.
     6 | D        | Found a blossoming altar of Fedhas.
     7 | D        | Found Kuiji's Distillery.
     7 | D        | Found Larimp's Do-It-Yourself Clinic.
     8 | D        | Found Nifriu's Distillery.
     8 | D        | Found Asoel's Bottled Wisdom.
    14 | D        | Became a worshipper of Makhleb the Destroyer
    17 | D        | Found a deep blue altar of Sif Muna.
    17 | D        | Found Sackib's Staff Store.
    19 | D        | Found Ubbed's Must-Have Magic.
    19 | D        | Found Elidd's Magic Scroll Shop.
    20 | D        | Found a radiant altar of Vehumet.
    20 | D        | Found an iron altar of Okawaru.
    20 | D        | Found Elyturph's Magic Scroll Shop.
    25 | D        | Found a stormy altar of Qazlal.
    26 | D        | Found a sacrificial altar of Ru.
    30 | D        | Found Omynk's Bee Food.
    31 | D        | Found Xesao's Jewellery.
    31 | D        | Found Ysug's Advanced Armour.
    31 | D        | Found a glowing silver altar of Zin.
    31 | D        | Found a snail-covered altar of Cheibriados.
    31 | D        | Found a glowing golden altar of the Shining One.
    31 | D        | Found Nuimait's Identification Station.
    39 | D        | Reached skill level 4 in Fighting
    40 | D        | Reached * piety under Makhleb
    60 | D        | Noticed a big kobold
    73 | D        | Killed a big kobold
    73 | D        | Reached skill level 7 in Fighting
    73 | D        | Reached XP level 2. HP: 3/35 MP: 1/1
    73 | D        | Reached XP level 3. HP: 3/40 MP: 2/2
    73 | D        | Reached XP level 4. HP: 3/48 MP: 3/3
    90 | D        | Reached ** piety under Makhleb
    90 | D        | Arena points: 12 (+12) [x2]
    90 | D        | Reached skill level 8 in Fighting
   140 | D        | Round 2.
   176 | D        | Noticed Ijyb
   187 | D        | Killed Ijyb
   200 | D        | Reached *** piety under Makhleb
   249 | D        | Found an ancient bone altar of Kikubaaqudgha.
   250 | D        | Found a shimmering altar of Xom.
   251 | D        | Noticed a big kobold
   253 | D        | Found a bloodstained altar of Trog.
   254 | D        | Found a basalt altar of Yredelemnul.
   254 | D        | Found an opulent altar of Gozag.
   254 | D        | Found Nesofoar's Weapon Rack.
   254 | D        | Found Waaly's Premium Goods.
   261 | D        | Killed a big kobold
   261 | D        | Reached skill level 9 in Fighting
   261 | D        | Reached XP level 5. HP: 55/58 MP: 4/4
   263 | D        | Found Upsoiz's Basic Armour.
   263 | D        | Found Dotyt's Miscellaneous Merchandise.
   285 | D        | Noticed Pikel
   294 | D        | Killed Pikel
   294 | D        | Reached **** piety under Makhleb
   294 | D        | Arena points: 54 (+42) [x3]
   294 | D        | Reached skill level 13 in Fighting
   294 | D        | Reached XP level 6. HP: 65/72 MP: 5/5
   294 | D        | Reached XP level 7. HP: 71/79 MP: 6/6
   308 | D        | Bought 3 scrolls of identify for 150 gold pieces
   316 | D        | Bought a flickering platinum ring for 45 gold pieces
   316 | D        | Bought a brightly glowing steel amulet for 45 gold pieces
   316 | D        | Identified the cursed ring of the Rose {*Drain rPois rF+ Str+4 Dex-2} (You bought it in a shop in the Dungeon)
   317 | D        | Identified the amulet of Perfectionism {Stasis Stlth+} (You bought it in a shop in the Dungeon)
   333 | D        | Round 3.
   363 | D        | HP: 2/80 [steam dragon (7)]
   365 | D        | Reached skill level 14 in Fighting
   395 | D        | Reached ***** piety under Makhleb
   395 | D        | Reached XP level 8. HP: 21/90 MP: 7/7
   400 | D        | HP: 3/90 [steam dragon] (6)]
   401 | D        | Engulfed by a steam dragon's steam

Action                   |  1- 3 |  4- 6 |  7- 9 || total
-------------------------+-------+-------+-------++-------
Melee: Flail             |    19 |    17 |    29 ||    65
       Unarmed           |       |     8 |       ||     8
  Use: Potion            |       |     1 |     1 ||     2
       Scroll            |       |       |     2 ||     2
